 Dungeon Crawl Stone Soup version 0.30-a0-723-gc1506a1cf0 (webtiles) character file.

Game seed: 18069692832409377165

87 Laraso the Ruffian (level 4, -2/38 HPs)
             Began as a Ghoul Monk on Jan 29, 2023.
             Slain by a gnoll
             ... wielding a +0 spear
              (8 damage)
             ... on level 4 of the Dungeon.
             The game lasted 00:02:48 (2935 turns).

Laraso the Ruffian (Ghoul Monk)                     Turns: 2935, Time: 00:02:49

Health: -2/38      AC:  2    Str: 16    XL:     4   Next: 51%
Magic:  12/12      EV: 12    Int:  5    God:
Gold:   140        SH:  0    Dex: 11    Spells: 3/3 levels left

rFire   + . .      SeeInvis .      - Unarmed
rCold   + + .      Faith    .    (no shield)
rNeg    + + +      Spirit   .    e - +0 robe {rC+ rF+}
rPois   ∞          Reflect  .    (no helmet)
rElec   .          Harm     .    (no cloak)
rCorr   .          Rampage  .    (no gloves)
Will    .....                    (no boots)
Stlth   ++                       c - amulet of the acrobat
HPRegen 0.00/turn                h - ring of magical power
MPRegen 0.13/turn                (no ring)

@: inhibited regen
A: claws 1, cold resistance 1, negative energy resistance 3, inhibited
regeneration, torment resistance 2, devour on kill
a: no special abilities


You were on level 4 of the Dungeon.
You visited 1 branch of the dungeon, and saw 4 of its levels.

You collected 140 gold pieces.

Inventory:

Armour
 e - a +0 robe of resistance (worn)
Jewellery
 c - an amulet of the acrobat (around neck)
 h - a ring of magical power (left claw)
 i - a +4 ring of slaying
Scrolls
 k - a scroll of fog {unknown}
 l - a scroll of amnesia {unknown}
 m - a scroll of teleportation
Potions
 a - 2 potions of attraction {unknown}
 b - a potion of ambrosia
 d - a potion of might {unknown}
 f - a potion of berserk rage {unknown}
 g - a potion of lignification {unknown}
 j - a potion of heal wounds {unknown}


   Skills:
 - Level 3.2 Fighting
 - Level 2.6 Dodging
 - Level 2.1 Stealth
 * Level 5.7 Unarmed Combat


You had 3 spell levels left.
You didn't know any spells.
Your spell library contained the following spells:

 Spells                   Type           Power      Damage    Failure   Level
 Sandblast                Erth           0%         2d4       47%         1
 Call Canine Familiar     Summ           0%         N/A       85%         3
 Portal Projectile        Hex/Tloc       0%         N/A       85%         3
 Leda's Liquefaction      Hex/Erth       0%         N/A       99%         4


Dungeon Overview and Level Annotations

Branches:
Dungeon (4/15)
 Temple: D:4-7

Altars:


Innate Abilities, Weirdness & Mutations

You are immune to poison.
You have sharp fingernails.
Your flesh is cold resistant. (rC+)
You are immune to negative energy. (rN+++)
You do not regenerate when monsters are visible.
You are immune to unholy pain and torment.
You thrive by killing the living.


Message History

Found a stone staircase leading up.
You see here 4 stones.
The goblin attacks as you move away! The goblin closely misses you.
The gnoll completely misses you. The gnoll attacks as you move away!
The gnoll hits you with a +0 club!
You barely miss the gnoll. You closely miss the gnoll.
The gnoll hits you with a +0 club.
You scratch the gnoll.
The gnoll is heavily wounded.
The gnoll completely misses you.
You claw the gnoll!
You kill the gnoll!
You feel better.
You scratch the gnoll.
The gnoll is moderately wounded.
The gnoll hits you with a +0 whip of venom.
You closely miss the gnoll.
The gnoll is moderately wounded.
The gnoll closely misses you. The gnoll completely misses you.
You claw the gnoll!
The gnoll is almost dead.
The gnoll misses you.
The gnoll hits you with a +0 whip of venom.
You are too injured to fight recklessly!
You are too injured to fight recklessly!
You barely miss the gnoll. You claw the gnoll.
You kill the gnoll!
You feel better.
The gnoll hits you from afar with a +0 spear.
* * * LOW HITPOINT WARNING * * *
You scratch the goblin. Your claw misses the goblin.
The goblin is moderately wounded.
The gnoll barely misses you. The goblin hits you with a +0 club.
* * * LOW HITPOINT WARNING * * *
You miss the goblin.
The goblin is moderately wounded.
The goblin hits you with a +0 club.
* * * LOW HITPOINT WARNING * * *
The gnoll hits you from afar with a +0 spear!
You die...

## #.# #.# . ... #.#
#.#.# #.# # #### #.#.#
##### #.# #<#... #..#
##...## #.# #......
#.####.....####.#
#......#
##............... #.!.
.g###.............#.#
#...##.#@..####...###.#.#
#.(gg#..# ##.## #.#..
S~~~~~.####..# #.# #.###
####### #..#####.####.#
#.>##.......#.#
#........##.#.#
##.##.#.<##.#.###
........##.#....
#.##.#.###.#..##


You could see a gnoll and a goblin.

Vanquished Creatures
  2 adders
  2 gnolls (D:4)
  A worm (D:3)
  A dart slug (D:2)
  An orc (D:3)
  8 bats
  3 endoplasms
  2 giant cockroaches
  4 goblins
  2 hobgoblins
  4 quokkas
  6 ball pythons
  2 frilled lizards
  3 kobolds
  2 rats (D:1)
43 creatures vanquished.

Notes
Turn   | Place    | Note
-------+----------+-------------------------------------------
     0 | D:1      | Laraso the Ghoul Monk began the quest for the Orb.
     0 | D:1      | Reached XP level 1. HP: 19/19 MP: 0/0
   381 | D:1      | Reached XP level 2. HP: 25/26 MP: 1/1
   454 | D:1      | Reached skill level 4 in Unarmed Combat
  1121 | D:2      | Reached XP level 3. HP: 31/31 MP: 2/2
  1360 | D:2      | Found a faded altar of an unknown god.
  1377 | D:2      | Got Plato's Codex of Minerals
  2197 | D:3      | Reached skill level 5 in Unarmed Combat
  2363 | D:3      | Reached XP level 4. HP: 38/38 MP: 3/3
  2935 | D:4      | Slain by a gnoll

Illustrated notes

Levels and vault maps discovered:
D:1:      lightli_arrival_noodles, layout_loops_corners,
          wander_ebering_terrifying_dragon_lair
D:2:      layout_loops_corners, shapermc_ecumenical_altar_rom_forum,
          serial_forest, infiniplex_forest_clump_double,
          infiniplex_forest_straight_2, infiniplex_forest_lined_3,
          infiniplex_forest_lined_2, infiniplex_forest_end_3,
          infiniplex_forest_lined_2, infiniplex_forest_clump_double,
          infiniplex_forest_lined_room_
D:3:      layout_loops_corners, chequers_serial_rivers_small_b
D:4:      layout_loops_ring, overflow_temple_1_default, portal_sewer_entry_d,
          hellmonk_ghost_happy_afterlife, kennysheep_generic_room_3

Skill      XL: |  1  2  3 |
---------------+----------+-----
Unarmed Combat | 4 5 |  5.7
Fighting       | |  3.2
Dodging        | |  2.6
Stealth        | |  2.1

Action                     |  1- 3 |  4- 6 || total
---------------------------+-------+-------++-------
  Melee: Unarmed           |   110 |    21 ||   131
         Punch             |     2 |     1 ||     3
    Use: Scroll            |     2 |     1 ||     3
   Stab: Sleeping          |     6 |     1 ||     7
 Armour: Robe              |    13 |       ||    13
  Dodge: Dodged            |    61 |    13 ||    74

Table legend: (Time is in decaauts)
 A = Elapsed time spent in this place.
 B = Non-inter-level travel time spent in this place.
 C = Inter-level travel time spent in this place.
 D = Time resting spent in this place.
 E = Time spent auto-exploring this place.
 F = Levels seen in this place.
 G = Mean time per level.
                   A        B        C        D        E       F      G
               +--------+--------+--------+--------+--------+-----+--------+
         Total |   2922 |   2844 |     78 |     34 |   2468 |   4 |  730.5 |
       Dungeon |   2922 |   2844 |     78 |     34 |   2468 |   4 |  730.5 |
               +--------+--------+--------+--------+--------+-----+--------+

Top non-repeatable levels by time:
     D:2: 1075 daAuts
     D:1: 964 daAuts
     D:3: 767 daAuts
     D:4: 115 daAuts
